 Dungeon Crawl Stone Soup version 0.28-a0-1312-g71652a0310 (webtiles) character file.

Game seed: 10665222438125979133

16046 rogsnak the Thaumaturge (level 12, -3/83 HPs)
             Began as a Demonspawn Air Elementalist on Dec 27, 2021.
             Was a Believer of Sif Muna.
             Slain by Frances (10 damage)
             ... on level 11 of the Dungeon.
             The game lasted 00:45:53 (13765 turns).

rogsnak the Thaumaturge (DsAE)                     Turns: 13765, Time: 00:45:53

Health: -3/83      AC: 19    Str:  8    XL:     12   Next: 6%
Magic:  17/26      EV: 16    Int: 26    God:    Sif Muna [**....]
Gold:   529        SH:  0    Dex: 15    Spells: 19/32 levels left

rFire   . . .      SeeInvis .   A - +1 morningstar of Tidu {vorpal, *Rage rC++ Int+5}
rCold   + + .      Faith    .   (no shield)
rNeg    . . .      Spirit   .   d - +1 troll leather armour
rPois   +          Reflect  .   C - +0 helmet
rElec   .          Harm     .   O - +1 cloak
rCorr   .          Rampage  .   W - +0 pair of gloves
Will    .....      Rage     20% (no boots)
Stlth   ++........              (no amulet)
HPRegen 1.03/turn               r - ring of poison resistance
MPRegen 0.40/turn               I - +4 ring of evasion

@: sanguine armoured, slightly contaminated, hasted, invisible, very quick
A: powered by death 2, magic regeneration, sanguine armour 2
a: Renounce Religion, Channel Magic


You were on level 11 of the Dungeon.
You worshipped Sif Muna.
Sif Muna was pleased with you.
You visited 2 branches of the dungeon, and saw 13 of its levels.

You collected 781 gold pieces.
You spent 252 gold pieces at shops.

Inventory:

Hand Weapons
 e - a +1 dagger of venom
 x - a +1 morningstar of draining
 y - a +1 rapier of venom
 A - the +1 morningstar of Tidu (weapon) {vorpal, *Rage rC++ Int+5}
   (You bought it in a shop on level 5 of the Dungeon)

   It inflicts extra damage upon your enemies.
   Int:       It affects your intelligence (+5).
   rC:        It greatly protects you from cold.
   *Rage:     It berserks you when you make melee attacks (+20% chance).
 H - a +3 falchion of freezing
 L - a +3 morningstar of flaming
Missiles
 f - 67 poisoned darts
 n - 3 datura-tipped darts
 z - 5 javelins
 J - a throwing net
Armour
 d - a +1 troll leather armour (worn)
 B - +0 acid dragon scales
 C - a +0 helmet (worn)
 O - a +1 cloak (worn)
 U - a +0 buckler
 W - a +0 pair of gloves (worn)
Magical Staves
 E - a staff of earth
Jewellery
 r - a ring of poison resistance (left hand)
 I - a +4 ring of evasion (right hand)
Wands
 a - a wand of flame (4)
 l - a wand of mindburst (8)
 w - a wand of charming (3)
 R - a wand of paralysis (2)
 S - a wand of polymorph (7)
 T - a wand of digging (8)
Scrolls
 c - 6 scrolls of magic mapping
 p - a scroll of fog
 s - 4 scrolls of enchant weapon
 t - a scroll of silence
 G - 2 scrolls of amnesia
Potions
 g - 4 potions of curing {unknown}
 h - a potion of mutation {unknown}
 i - a potion of lignification {unknown}
 j - 3 potions of might {unknown}
 k - 2 potions of ambrosia {unknown}
 q - 3 potions of flight {unknown}
 v - a potion of cancellation {unknown}
 D - 2 potions of brilliance {unknown}
 K - a potion of degeneration {unknown}
 N - 2 potions of magic {unknown}
 Q - 3 potions of berserk rage {unknown}


   Skills:
 + Level 3.7 Fighting
 + Level 4.2 Armour
 + Level 3.8 Dodging
 - Level 1.7 Stealth
 + Level 10.9 Spellcasting
 * Level 9.4 Conjurations
 + Level 10.4 Air Magic
 + Level 0.4 Evocations


You had 19 spell levels left.
You knew the following spells:

 Your Spells              Type           Power      Damage    Failure   Level
a - Shock                 Conj/Air       100%       1d9       1%          1
b - Swiftness             Air            62%        N/A       1%          3
c - Airstrike             Air            31%        N/A       1%          4
d - Irradiate             Conj/Tmut      19%        3d20      22%         5

Your spell library contained the following spells:

 Spells                   Type           Power      Damage    Failure   Level
 Static Discharge         Conj/Air       60%        N/A       1%          2
 Blink                    Tloc           28%        N/A       9%          2
 Sublimation of Blood     Necr           14%        N/A       9%          2
 Confusing Touch          Hex            14%        N/A       17%         3
 Gell's Gravitas          Tloc           14%        N/A       17%         3
 Teleport Other           Tloc           14%        N/A       17%         3
 Tukima's Dance           Hex            14%        N/A       17%         3
 Animate Dead             Necr           7%         N/A       50%         4
 Passage of Golubria      Tloc           14%        N/A       50%         4
 Petrify                  Tmut/Erth      14%        N/A       50%         4
 Manifold Assault         Tloc           14%        N/A       85%         5
 Yara's Violent Unravell  Hex/Tmut       7%         3d5       85%         5
 Storm Form               Tmut/Air       20%        N/A       99%         7
 Dispersal                Tloc           7%         N/A       100%        6
 Enfeeble                 Hex            7%         N/A       100%        7
 Haunt                    Necr/Summ      7%         N/A       100%        7
 Malign Gateway           Summ/Tloc      7%         N/A       100%        7
 Infestation              Necr           7%         N/A       100%        8
 Summon Horrible Things   Summ           7%         N/A       100%        8


Dungeon Overview and Level Annotations

Branches:
Dungeon (12/15)            Temple (1/1) D:7            Lair (0/6) D:9
    Orc (0/2) D:9

Altars:
Ashenzari
Cheibriados
Dithmenos
Elyvilon
Fedhas
Gozag
Hepliaklqana
Kikubaaqudgha
Makhleb
Nemelex Xobeh
Okawaru
Qazlal
Ru
Sif Muna
Trog
Uskayaw
Vehumet
Wu Jian
Xom
Yredelemnul
Zin
The Shining One

Shops:
D:4 =   D:5 (   D:9 ?

Annotations:
D:3 1 runed translucent door
D:8 Gastronok
D:11 Frances
D:12 Sonja


Innate Abilities, Weirdness & Mutations

You regenerate health from kills.
You regenerate magic rapidly.
When seriously injured, your blood forms thick armour. (AC +9)


Message History

The smoke demon gestures at you. Something smites you!
* * * LOW HITPOINT WARNING * * *
Unknown command.
Unknown command.
Okay, then.
As you read the scroll of fear, it crumbles to dust.
You assume a fearsome visage.
Frances looks frightened!
The hellwing looks frightened!
The chaos spawn looks frightened!
The smoke demon looks frightened!
Unknown command.
Unknown command.
The teleport trap disappears.
The smoke demon disappears!
Unknown command.
Okay, then.
You fade into invisibility!
Frances hits you with a +0 short sword.
* * * LOW HITPOINT WARNING * * *
Okay, then.
Press: ? - help, v - describe, . - travel
Here: Frances, wielding a +0 short sword and wearing a +0 scale mail (heavily wounded, fast, misshapen and mutated)
The floor.
Okay, then.
You feel yourself speed up.
Frances takes a defensive stance.
Frances hits you with a +0 short sword.
* * * LOW HITPOINT WARNING * * *
Unknown command.
Frances says, "There is a strange beauty in the demonic, don't you think?"
Aiming: Paralyse
Press: ? - help, Shift-Dir - straight line, f/p - Frances
Aim: Frances, wielding a +0 short sword and wearing a +0 scale mail (heavily wounded, fast, misshapen and mutated, chance to affect: 12%)
Your attack snaps Frances out of her fear.
Frances resists with almost no effort.
Frances hits you with a +0 short sword.
* * * LOW HITPOINT WARNING * * *
Aiming: Paralyse
Press: ? - help, Shift-Dir - straight line, f/p - Frances
Aim: Frances, wielding a +0 short sword and wearing a +0 scale mail (heavily wounded, fast, misshapen and mutated, chance to affect: 12%) Frances resists with almost no effort.
Frances hits you with a +0 short sword!
You die...

..........#.# #######.#.#.# #
#.#.#.############# ####
#.#.....(.....##..## ...#
#.#..........##..^.## ##.##
#.#.....[...##......#### .#..#
#.#.........#.....(..')#
.##.###.###########.......)'.####
.##..##.#.ยง....@@.##......##.....
####.##.#.###########....########
####.##.#.#<.......###..##......#
...#..#.#4########.#.####.....#.#
........4................)(.((...
...##...#.###...#.........#...#.#
...###..#.# #...#.##.#.##.#...#.#
#### #..#.# #...#.##.#....#...#.#
# #..#.# #...#.##.######.###.#


You could see Frances (fast, misshapen).

Vanquished Creatures
  Harold (D:7)
  2 two-headed ogres
  An ogre mage (D:10)
  A centaur warrior (D:12)
  A skeletal warrior (D:10)
  A wizard (D:11)
  2 cyclopes
  2 unseen horrors
  Maggie (D:6)
  A troll (D:9)
  4 hornets (D:10)
  A meliai zombie (D:10)
  Sigmund (D:5)
  A shadow (D:9)
  4 wraiths
  Grum (D:8)
  4 yaks
  2 steam dragons
  Menkaure (D:7)
  An acid dragon (D:11)
  Duvessa (D:7)
  A cane toad zombie (D:9)
  2 floating eyes (D:10)
  10 ice beasts
  9 orc warriors
  A sky beast (D:5)
  A black bear (D:6)
  A necrophage (D:5)
  4 ogres
  4 wolves (D:8)
  12 centaurs
  A phantom (D:6)
  4 bullfrogs
  3 scorpions
  A wyvern zombie (D:8)
  A wyvern skeleton (D:6)
  A water moccasin skeleton (D:6)
  Dowan (D:7)
  An oklob sapling (D:7)
  8 wights
  4 electric eels
  A crimson imp (D:11)
  8 centaur zombies
  A jelly (D:7)
  3 hounds
  4 orc priests
  Crazy Yiuf (D:7)
  2 iguanas
  16 orc wizards
  8 gnolls
  9 adders
  3 white imps
  An adder skeleton (D:5)
  A worm (D:3)
  2 dart slugs
  37 orcs
  3 giant cockroaches
  8 goblins
  2 hobgoblins
  3 quokkas
  2 ball pythons (D:2)
  3 bats
  3 frilled lizards
  A goblin zombie (D:3)
  5 kobolds
  3 rats (D:2)
234 creatures vanquished.

Vanquished Creatures (others)
  An orc wizard (D:5)
  2 orcs (D:12)
  6 plants
  7 toadstools (D:1)
16 creatures vanquished.

Grand Total: 250 creatures vanquished

Notes
Turn   | Place    | Note
-------+----------+-------------------------------------------
     0 | D:1      | rogsnak the Demonspawn Air Elementalist began the quest for
                  | the Orb.
     0 | D:1      | Reached XP level 1. HP: 13/13 MP: 3/3
   421 | D:1      | Gained mutation: When seriously injured, your blood forms
                  | armour. (AC +9) [demonic ancestry]
   421 | D:1      | Reached XP level 2. HP: 15/19 MP: 0/5
   530 | D:1      | Found a faded altar of an unknown god.
  1094 | D:2      | Reached XP level 3. HP: 24/24 MP: 4/6
  1367 | D:2      | Found a sparkling altar of Nemelex Xobeh.
  1486 | D:3      | Found a runed translucent door.
  1486 | D:3      | Noticed a human
  1531 | D:3      | Found a basalt altar of Yredelemnul.
  2104 | D:3      | Found a hazy altar of Hepliaklqana.
  2175 | D:3      | Gained mutation: When seriously injured, your blood forms
                  | thick armour. (AC +9) [demonic ancestry]
  2175 | D:3      | Reached XP level 4. HP: 22/30 MP: 4/7
  2358 | D:3      | Learned a level 3 spell: Swiftness
  2387 | D:3      | Reached skill level 1 in Armour
  2610 | D:4      | Found Deceagg's Jewellery Shoppe.
  2819 | D:4      | Reached XP level 5. HP: 34/36 MP: 5/9
  3185 | D:4      | Reached skill level 1 in Fighting
  3263 | D:4      | Gained mutation: You regenerate a little health from kills.
                  | [demonic ancestry]
  3263 | D:4      | Reached XP level 6. HP: 24/43 MP: 4/10
  3321 | D:4      | Found a burning altar of Makhleb.
  3321 | D:4      | Noticed a blizzard demon
  3325 | D:4      | Noticed a smoke demon
  3325 | D:4      | Noticed a neqoxec
  3550 | D:4      | Learned a level 4 spell: Airstrike
  3765 | D:5      | Entered Level 5 of the Dungeon
  3900 | D:5      | Noticed Sigmund
  4006 | D:5      | Gained mutation: You regenerate magic rapidly. [demonic
                  | ancestry]
  4006 | D:5      | Reached XP level 7. HP: 48/48 MP: 6/12
  4356 | D:5      | Reached skill level 5 in Conjurations
  4496 | D:5      | Reached XP level 8. HP: 40/56 MP: 3/14
  4496 | D:5      | Found an iron altar of Okawaru.
  4672 | D:5      | Killed Sigmund
  4925 | D:5      | Found Japokets's Antique Weapon Shop.
  4934 | D:5      | Bought a steaming morningstar for 252 gold pieces
  4934 | D:5      | Identified the +1 morningstar of Tidu {vorpal, *Rage rC++
                  | Int+5} (You bought it in a shop on level 5 of the Dungeon)
  4998 | D:6      | Reached skill level 5 in Air Magic
  5031 | D:6      | Noticed Maggie
  5051 | D:6      | Killed Maggie
  5052 | D:6      | Reached skill level 5 in Spellcasting
  5167 | D:6      | Found a sacrificial altar of Ru.
  5192 | D:6      | Became a worshipper of Ru the Awakened
  5480 | D:6      | Reached XP level 9. HP: 61/61 MP: 8/17
  6004 | D:6      | Noticed a two-headed ogre
  6088 | D:6      | Killed a two-headed ogre
  6526 | D:7      | Noticed Menkaure
  6529 | D:7      | Killed Menkaure
  6561 | D:7      | Found a staircase to the Ecumenical Temple.
  6620 | Temple   | Entered the Ecumenical Temple
  6761 | D:7      | Noticed a cyclops
  6765 | D:7      | Killed a cyclops
  6940 | D:7      | Gained mutation: You regenerate health from kills. [demonic
                  | ancestry]
  6940 | D:7      | Reached XP level 10. HP: 67/67 MP: 5/21
  7020 | D:7      | Noticed Harold
  7141 | D:7      | Found an opulent altar of Gozag.
  7466 | D:7      | Noticed Duvessa
  7474 | D:7      | Noticed Dowan
  7476 | D:8      | You fall into a shaft and drop 2 floors!
  7476 | D:10     | Entered Level 10 of the Dungeon
  7488 | D:10     | Noticed a skeletal warrior
  7519 | D:10     | Killed a skeletal warrior
  7597 | D:10     | Noticed a skeletal warrior
  7622 | D:10     | Noticed a two-headed ogre
  7633 | D:9      | Found Dumeopn's Magic Scroll Shop.
  7874 | D:8      | Noticed Gastronok
  7923 | D:7      | Killed Harold
  8165 | D:7      | Killed Dowan
  8273 | D:7      | Killed Duvessa
  8362 | D:7      | Found a runed translucent door.
  8363 | D:7      | Noticed Crazy Yiuf
  8486 | D:7      | Killed Crazy Yiuf
  8662 | D:8      | Noticed Grum
  8667 | D:8      | Killed Grum
  9651 | D:9      | Found a shimmering blue altar of Sif Muna.
  9659 | D:9      | Fell from the grace of Ru
  9659 | D:9      | Became a worshipper of Sif Muna the Loreminder
 10048 | D:9      | Reached XP level 11. HP: 74/74 MP: 9/24
 10160 | D:9      | Found a staircase to the Lair.
 10583 | D:9      | Reached * piety under Sif Muna
 10620 | D:9      | Found a staircase to the Orcish Mines.
 10921 | D:10     | Noticed an ogre mage
 11073 | D:10     | Killed an ogre mage
 11222 | D:10     | Reached skill level 10 in Spellcasting
 11363 | D:10     | Killed a two-headed ogre
 11443 | D:10     | Noticed a skeletal warrior
 11786 | D:10     | Noticed a skeletal warrior
 11864 | D:11     | Learned a level 5 spell: Irradiate
 11926 | D:11     | Reached skill level 10 in Air Magic
 12791 | D:11     | Noticed a wizard
 12795 | D:11     | Killed a wizard
 13211 | D:12     | Noticed a centaur warrior
 13230 | D:12     | Killed a centaur warrior
 13230 | D:12     | Reached ** piety under Sif Muna
 13231 | D:12     | Reached XP level 12. HP: 82/83 MP: 16/26
 13452 | D:12     | Noticed Sonja
 13571 | D:12     | Noticed Frances
 13609 | D:11     | Upgraded the game from 0.28-a0-1286-g6bde065e89 to
                  | 0.28-a0-1312-g71652a0310
 13765 | D:11     | Slain by Frances

Illustrated notes

Levels and vault maps discovered:
D:1:      nagdon_arrival_double_spiral, layout_rooms,
          dreamdust_ecumenical_altar_hidden_monk_grotto
D:2:      layout_rooms, basic_altar, corexii_hall_statues_deadend,
          kennysheep_generic_room_8
D:3:      layout_basic, nzn_hepliaklqana_mist_gate, dk_yredelemnul_ordeal,
          hex_large
D:4:      layout_loops_ring, makhleb_altar_promises_db, serial_shops, shop
D:5:      layout_gridville, lemuel_tele_altar, serial_shops, shop, uniq_sigmund
D:6:      layout_loops_corners, mainiacjoe_overflow_cross_hatched,
          serial_bayou_lagoon_b, uniq_maggie
D:7:      layout_basic, grunt_gozag_statues, minmay_temple_entry_oklob,
          uniq_crazy_yiuf_cottage, uniq_harold, uniq_menkaure, uniq_duvessa
D:8:      layout_gridville, uniq_gastronok, uniq_grum
D:9:      minmay_twisted_water, layout_rooms, lemuel_coloured_pillars_altar,
          lair_entry_dummy, david_orc_4, serial_shops,
          nicolae_shop_advertising_works [nicolae_subvault_shop_adworks],
          chequers_serial_rivers_micro_d
D:10:     hellmonk_paralyzer, layout_basic, grunt_ogre_cave, grunt_ministairs_15
D:11:     layout_basic, lightli_wizard_tower
D:12:     layout_basic, lemuel_freeze_loot_1, uniq_frances, uniq_sonja
Temple:   regret_index_temple_waves

Skill      XL: |  1  2  3  4  5  6  7  8  9 10 11 |
---------------+----------------------------------+-----
Air Magic      | 3 4 5 7 9 10 | 10.4
Conjurations   | 2 3 4 5 6 7 8 9 |  9.4
Armour         | 1 2 3 4 |  4.2
Dodging        | 2 3 |  3.8
Fighting       | 1 2 3 |  3.7
Spellcasting   | 3 4 5 7 9 10 | 10.9
Stealth        | |  1.7
Evocations     | |  0.4

Action                   |  1- 3 |  4- 6 |  7- 9 | 10-12 || total
-------------------------+-------+-------+-------+-------++-------
Melee: Dagger            |    56 |    32 |       |       ||    88
       Unarmed           |     4 |       |       |       ||     4
       Rapier            |       |     5 |    34 |       ||    39
       Morningstar       |       |       |    25 |   162 ||   187
 Cast: Shock             |    63 |    76 |   150 |    68 ||   357
       Airstrike         |       |       |    37 |   208 ||   245
       Swiftness         |       |       |       |     1 ||     1
       Irradiate         |       |       |       |     6 ||     6
Evoke: Wand              |       |       |       |    14 ||    14
  Use: Scroll            |       |       |       |    15 ||    15
       Potion            |       |       |       |     2 ||     2
Armor: Troll leather arm |    16 |     9 |    22 |   190 ||   237
Dodge: Dodged            |    29 |    20 |    48 |   239 ||   336

Table legend: (Time is in decaauts)
 A = Elapsed time spent in this place.
 B = Non-inter-level travel time spent in this place.
 C = Inter-level travel time spent in this place.
 D = Time resting spent in this place.
 E = Time spent auto-exploring this place.
 F = Levels seen in this place.
 G = Mean time per level.
                   A        B        C        D        E       F      G
               +--------+--------+--------+--------+--------+-----+--------+
         Total |  14164 |  13771 |    393 |   2269 |   7532 |  13 | 1089.5 |
       Dungeon |  14014 |  13621 |    393 |   2269 |   7427 |  12 | 1167.8 |
        Temple |    149 |    149 |      0 |      0 |    105 |   1 |  149.0 |
               +--------+--------+--------+--------+--------+-----+--------+

Top non-repeatable levels by time:
     D:6: 1801 daAuts
    D:11: 1538 daAuts
     D:8: 1434 daAuts
     D:7: 1339 daAuts
     D:4: 1322 daAuts
     D:3: 1209 daAuts
    D:10: 1186 daAuts
     D:9: 1186 daAuts
     D:5: 1093 daAuts
     D:1: 733 daAuts
     D:2: 699 daAuts
    D:12: 468 daAuts
  Temple: 149 daAuts
